Map: Ever Dream LE

Players

Skyler - Winner!

  • Race: Terran Terran
  • League: Grandmaster
  • Spawn Location: 7:00

A.I. 2 (Very Easy)

  • Race: Terran Terran
  • Spawn Location: 1:00

VOD

Have the link to the VOD?

Description

For Personal Use

Time

  • Played on: April 22, 2020, 10:31 p.m.
  • Length: 12:49
Show
View Real Time Build Order
Export as new Build Order

Skyler Terran - Winner!

Build Orders: 1/1/1 

Get SALT Encoding   

  12  0:00  SCV  
  13  0:13  SCV  
  14  0:17  Supply Depot  
  14  0:25  SCV  
  14  0:27  Refinery  
  15  0:39  SCV  
  16  0:44  Barracks  
  16  0:51  SCV  
  16  0:55  Refinery  
  17  1:03  SCV  
  18  1:15  SCV  
  19  1:27  SCV  
  19  1:30  Reaper  
  21  1:34  Factory  
  21  1:39  Orbital Command  
  21  1:46  Supply Depot  
  21  2:03  Barracks Reactor  
  21  2:06  SCV  
  22  2:17  Hellion  
  22  2:19  SCV, Starport  
  25  2:27  Supply Depot  
  25  2:31  SCV  
  26  2:39  Reaper x2  
  26  2:41  Hellion  
  26  2:43  SCV  
  31  2:55  SCV, Medivac  
  34  2:59  Supply Depot  
  34  3:02  Hellion  
  36  3:07  SCV  
  36  3:11  Reaper x2  
  39  3:22  SCV  
  40  3:35  Command Center  
  40  3:38  Factory Tech Lab, Starport Tech Lab  
  40  3:46  Marine x2  
  42  3:50  Supply Depot  
  42  3:52  SCV  
  43  3:57  Raven  
  45  4:13  Marine x2  
  45  4:14  Cyclone  
  45  4:15  SCV  
  51  4:20  Supply Depot  
  51  4:28  SCV  
  52  4:39  Command Center  
  52  4:48  Orbital Command  
  52  4:52  Marine, Stimpack  
  53  4:56  SCV  
  54  5:02  Viking  
  54  5:06  Viking  
  58  5:09  SCV  
  58  5:12  Marine  
  60  5:16  Siege Tank  
  60  5:19  SCV  
  64  5:23  Refinery  
  64  5:27  SCV, Supply Depot  
  65  5:30  Marine  
  66  5:38  SCV  
  66  5:39  Refinery  
  67  5:48  Siege Tank  
  67  5:49  Barracks  
  70  5:52  Barracks  
  70  5:54  Viking  
  72  5:59  Viking  
  74  6:06  Orbital Command  
  74  6:07  SCV x2  
  74  6:10  Marine  
  77  6:18  Engineering Bay  
  77  6:20  SCV, Engineering Bay  
  77  6:22  SCV  
  79  6:30  Medivac  
  79  6:31  Viking  
  83  6:34  Marine  
  83  6:37  Barracks Reactor  
  83  6:38  Barracks Reactor  
  83  6:39  SCV  
  85  6:41  SCV  
  85  6:46  Terran Infantry Weapons Level 1  
  86  6:47  Terran Infantry Armor Level 1  
  86  6:51  SCV  
  86  6:53  Marine, SCV  
  89  6:54  Orbital Command  
  89  7:02  Supply Depot  
  89  7:03  Supply Depot  
  89  7:04  SCV  
  89  7:05  Supply Depot  
  90  7:15  Viking, Medivac  
  94  7:23  Marine x2  
  94  7:24  Marine x3  
  94  7:25  SCV  
  100  7:30  Barracks x2  
  100  7:31  Barracks  
  100  7:33  SCV x2  
  102  7:41  SCV  
  102  7:46  Factory  
  102  7:49  Combat Shield  
  101  7:52  Armory  
  101  7:54  SCV x3  
  104  8:02  Refinery  
  104  8:03  Refinery  
  104  8:06  SCV x3  
  104  8:07  Marine x5  
  112  8:18  SCV x3  
  112  8:19  Barracks Reactor x2, Supply Depot  
  115  8:24  Barracks Reactor  
  115  8:30  SCV  
  116  8:34  Supply Depot x2  
  116  8:36  Supply Depot  
  116  8:40  Missile Turret  
  116  8:42  Factory Tech Lab, Missile Turret x2  
  116  8:44  Terran Infantry Weapons Level 2, Missile Turret  
  116  8:49  Terran Infantry Armor Level 2  
  116  8:52  SCV x2  
  116  8:53  SCV  
  119  8:56  Siege Tank  
  119  8:59  Medivac  
  119  9:01  Medivac  
  126  9:04  Marine x3  
  126  9:05  Marine  
  126  9:07  Marine x2  
  132  9:12  Marine x4  
  132  9:13  Marine  
  132  9:15  Siege Tank  
  140  9:18  SCV x2  
  142  9:34  Command Center  
  142  9:36  Sensor Tower  
  142  9:37  Sensor Tower  
  142  9:39  Missile Turret  
  142  9:41  Missile Turret x2  
  142  9:42  Missile Turret  
  142  9:46  Supply Depot  
  142  9:48  Marine x4, Supply Depot  
  142  9:51  Marine  
  142  9:52  Marine  
  148  9:53  Marine  
  148  9:57  Medivac  
  151  10:00  Medivac  
  153  10:08  SCV x2  
  153  10:10  SCV, Marine  
  153  10:12  Marine  
  153  10:13  Marine  
  153  10:14  Sensor Tower, Missile Turret  
  159  10:18  Marine x2  
  159  10:20  SCV x2  
  163  10:24  Marine x4  
  163  10:25  Marine  
  163  10:28  Marine  
  169  10:31  Starport  
  169  10:33  SCV x2  
  171  10:41  Medivac x2  
  175  10:43  Marine x3  
  175  10:44  Marine  
  175  10:47  Planetary Fortress  
  179  10:50  SCV x2  
  179  10:51  SCV  
  179  10:56  Marine x4  
  186  10:57  Marine  
  186  10:58  Marine  
  186  10:59  Marine  
  186  11:01  Marine  
  190  11:08  Starport Reactor  
  189  11:22  Marine x5  
  189  11:23  Marine x6  
  200  11:34  Command Center  
  200  11:40  Starport, Barracks  
  200  11:41  Barracks  
  200  11:43  Barracks  
  200  11:56  Barracks  
  200  11:58  Barracks  
  200  12:00  Sensor Tower  
  200  12:01  Command Center  
  200  12:02  Missile Turret  
  200  12:12  Factory  
  200  12:22  Starport Reactor  
Show
View Real Time Build Order
Export as new Build Order

A.I. 2 (Very Easy) Terran 

Build Orders:  

Get SALT Encoding   

  12  0:00  SCV  
  13  0:13  SCV  
  14  0:18  Supply Depot  
  14  0:37  Refinery  
  14  0:40  Barracks  
  14  1:03  Supply Depot  
  14  1:12  Refinery  
  14  1:28  Barracks Tech Lab  
  14  1:30  Orbital Command  
  14  1:46  Marine  
  15  1:55  SCV  
  16  2:07  SCV  
  17  2:19  SCV  
  18  2:31  Marine  
  18  2:32  SCV  
  20  2:44  SCV  
  21  2:56  SCV  
  22  3:16  Marauder  
  23  4:03  SCV  
  23  4:07  Marine  
  23  4:10  Supply Depot  
  23  4:15  SCV  
  14  4:27  SCV  
  9  4:36  Marauder  
  8  4:39  SCV  
  9  4:51  SCV  
  10  5:03  SCV  
  10  5:04  Marine  
  12  5:15  SCV  
  13  5:28  SCV  
  14  5:33  Marine  
  15  5:40  SCV  
  16  5:52  SCV  
  17  6:04  SCV  
  18  6:16  SCV  
  19  6:28  SCV  
  20  6:40  Marine, SCV  
  20  6:43  Factory  
  22  6:47  Command Center  
  22  6:52  SCV  
  23  7:04  SCV  
  24  7:12  Marine  
  25  7:16  SCV  
  25  7:29  SCV  
  25  7:32  Starport  
  25  7:34  Supply Depot  
  24  7:41  SCV, Marauder  
  27  7:53  SCV  
  24  8:05  SCV  
  25  8:10  Marine  
  25  8:11  Starport Tech Lab  
  26  8:17  SCV  
  27  8:20  SCV  
  28  8:29  SCV  
  28  8:30  Raven  
  31  8:35  SCV  
  31  8:39  Hellion  
  34  8:42  SCV  
  35  8:50  SCV  
  36  8:57  SCV  
  37  9:04  SCV, Refinery  
  38  9:10  Marine, Refinery  
  38  9:11  SCV  
  38  9:13  Raven  
  42  9:18  SCV  
  43  9:25  SCV  
  44  9:33  SCV  
  45  9:40  SCV  
  45  9:42  Marine  
  47  9:47  SCV  
  48  9:54  SCV  
  49  10:01  SCV  
  50  10:08  SCV  
  51  10:15  Marine, SCV  
  51  10:33  Supply Depot  
  45  10:37  SCV  
  41  10:43  Marine  
  41  10:45  SCV  
  38  10:52  SCV  
  38  10:56  Starport  
  37  10:59  SCV  
  34  11:06  SCV  
  28  11:12  Marine  
  28  11:14  SCV  
  23  11:21  SCV  
  24  11:28  SCV  
  25  11:33  Starport Tech Lab  
  25  11:36  SCV  
  26  11:41  Hellion  
  26  11:43  SCV  
  29  11:50  SCV  
  30  11:54  Raven, Refinery  
  30  11:57  SCV  
  33  12:05  SCV  
  33  12:10  Hellion  
  33  12:12  SCV  
  36  12:19  SCV  
  36  12:21  Supply Depot  
  35  12:26  SCV  
  28  12:35  SCV  
Tags
 
Matchup
TvT
Opening
1/1/1
Race
Terran
Spawn Locations
Cross Positions
Add a new tag
Caveats
  • Supply blocks, unpowered buildings, or Contaminate may cause inaccurate times.
  • Supply counts are checked every 10 seconds.